AoeStats
← Spirit

Nomad

509681173Analyzed
3v3 RM · 5d ago on Sep 27, 2026· 41m 5s· 6 players
Game mode
Random Map
Map size
210×210
Population
200
Speed
Normal
Resources
Standard
Victory
Conquest
Starting age
Dark Age
Ending age
Imperial Age
RankedLock teamsTeams togetherTeam positionsShared explorationLock speedFull tech treeHidden civsTurbo modeCheats
Victory
Defeat
🇮🇳 Sicilians · India
1369
+13
🇮🇳 Dravidians · India
1295
+17
🇮🇳 Ethiopians · India
1294
+16
🇩🇪 Danes · Germany
1331
-16
🇩🇪 Saxons · Germany
1322
-16
🇩🇪 Spanish · Germany
1269
-14
big ritard pleyer
5:42 Loom
7:25 Loom
12:28 Feudal Age
17:23 Castle Age
16:12 Double-Bit Axe
16:35 Fletching
16:46 Padded Archer Armor
18:27 Bodkin Arrow
20:27 Horse Collar
21:14 Elite Skirmisher
27:56 Ballistics
27:01 Crossbowman
27:45 Crossbowman
27:52 Crossbowman
28:38 Thumb Ring
28:59 Leather Archer Armor
31:48 Thumb Ring
35:32 Wheelbarrow
39:45 Imperial Age
38:06 Murder Holes
Spirit
6:08 Loom
14:23 Feudal Age
14:59 Arson
17:13 Man-at-Arms
18:24 Double-Bit Axe
22:47 Castle Age
22:05 Forging
22:50 Bloodlines
26:04 Iron Casting
27:47 Horse Collar
34:02 Scale Barding Armor
34:57 Bow Saw
37:08 Husbandry
39:43 Chain Barding Armor
Pfnatsch
11:12 Loom
12:59 Feudal Age
14:33 Double-Bit Axe
19:30 Forging
21:49 Castle Age
20:49 Horse Collar
21:03 Fletching
21:16 Scale Mail Armor
21:04 Fishing Lines
21:39 Town Watch
22:17 Pikeman
23:39 Iron Casting
23:20 Chain Mail Armor
23:24 Pikeman
24:06 Squires
33:21 Bow Saw
37:48 Wheelbarrow
kaar
5:08 Loom
13:44 Feudal Age
18:11 Castle Age
17:05 Fishing Lines
17:46 Double-Bit Axe
18:36 Fletching
18:46 Padded Archer Armor
19:02 Bow Saw
18:48 Town Watch
20:07 Gold Mining
20:52 Bodkin Arrow
22:29 Leather Archer Armor
23:39 Stone Mining
23:33 Horse Collar
27:11 Ballistics
27:22 Heavy Plow
28:43 Wheelbarrow
31:32 Hand Cart
35:30 Imperial Age
33:23 Gillnets
34:06 Scale Mail Armor
34:17 Forging
35:14 Husbandry
35:36 Chain Mail Armor
37:29 Chemistry
36:40 Masonry
37:03 Wootz Steel
36:52 Squires
36:37 Arson
37:24 Plate Mail Armor
37:30 Iron Casting
38:06 Elite Urumi Swordsman
39:07 Conscription
41:45 Blast Furnace
jAi
4:15 Loom
13:30 Feudal Age
13:56 Double-Bit Axe
20:12 Castle Age
20:35 Wheelbarrow
19:42 Horse Collar
21:06 Bow Saw
20:50 Stone Mining
21:25 Heavy Plow
22:16 Demolition Ship
23:14 Medium Warships
25:16 Town Watch
27:04 Scale Mail Armor
27:14 Forging
28:41 Fletching
29:07 Chain Mail Armor
29:28 Iron Casting
30:19 First Crusade
34:30 Imperial Age
32:20 Squires
32:05 Arson
32:31 Murder Holes
33:16 Bodkin Arrow
33:44 Ballistics
33:52 Masonry
35:24 Bracer
35:53 Conscription
36:31 Plate Mail Armor
35:33 Elite Serjeant
38:08 Chemistry
36:54 Arrowslits
37:19 Gold Mining
DrVen13
6:50 Loom
10:22 Loom
12:38 Feudal Age
13:16 Double-Bit Axe
19:32 Castle Age
17:35 Fletching
20:11 Bodkin Arrow
20:42 Crossbowman
22:00 Bow Saw
24:40 Horse Collar
32:06 Imperial Age
31:19 Wheelbarrow
32:02 Padded Archer Armor
34:07 Bracer
35:49 Chemistry
35:24 Leather Archer Armor
36:20 Arbalester
39:33 Ballistics
Connection lost

Rejoining the realm…

Still unreachable

The connection could not be restored.

Session expired

The server has moved on; the page needs a fresh start.